 Dungeon Crawl Stone Soup version 0.29.1-2-gbd0b4ee654 (webtiles) character file.

Game seed: 18321729826202157819

103 mortz the Digger (level 5, -2/31 HPs)
             Began as a Kobold Earth Elementalist on Nov 23, 2022.
             Was an Initiate of Ashenzari.
             Slain by a gnoll
             ... wielding a +0 flail
              (4 damage)
             ... on level 4 of the Dungeon.
             The game lasted 00:13:59 (3130 turns).

mortz the Digger (Kobold Earth Elementalist)        Turns: 3130, Time: 00:14:00

Health: -2/31      AC: 10    Str:  8    XL:     5   Next: 6%
Magic:  8/8        EV:  1    Int: 16    God:    Ashenzari [......]
Gold:   132        SH:  5    Dex: 23    Spells: 8/9 levels left

rFire   . . .      SeeInvis .   a - +0 dagger
rCold   . . .      Faith    .   f - +0 buckler
rNeg    + + +      Spirit   .   s - +0 plate armour of Ethics {rN++ Dex+8}
rPois   .          Reflect  .   (no helmet)
rElec   .          Harm     .   (no cloak)
rCorr   .          Rampage  .   (no gloves)
Will    .....                   (no boots)
Stlth   ..........              (no amulet)
HPRegen 0.10/turn               p - ring of positive energy
MPRegen 0.11/turn               (no ring)

@: no status effects
A: small, no large weapons, nightstalker 3
a: Renounce Religion, Curse Item


You were on level 4 of the Dungeon.
You worshipped Ashenzari.
Ashenzari was noncommittal.
You visited 1 branch of the dungeon, and saw 4 of its levels.

You collected 132 gold pieces.

Inventory:

Hand Weapons
 a - a +0 dagger (weapon)
 b - a +0 hand axe
 y - a +0 trident
 A - a +0 short sword
 C - a +0 short sword
 I - a +0 dagger
Missiles
 l - 4 poisoned darts
Armour
 d - a +0 robe
 f - a +0 buckler (worn)
 k - a +0 ring mail
 s - the +0 plate armour of Ethics (worn) {rN++ Dex+8}
   (You found it on level 2 of the Dungeon)

   Dex:       It affects your dexterity (+8).
   rN:        It greatly protects you from negative energy.
Magical Staves
 g - a staff of poison
Jewellery
 p - a ring of positive energy (left hand)
Scrolls
 c - 4 scrolls of amnesia {unknown}
 e - 3 scrolls of immolation {unknown}
 o - 2 scrolls of poison {unknown}
 q - 3 scrolls of identify {unknown}
 r - a scroll of fear {unknown}
 t - a scroll of torment {unknown}
 u - 2 scrolls of blinking {unknown}
 v - a scroll of silence {unknown}
 w - a scroll of noise {unknown}
 x - a scroll of teleportation {unknown}
 D - a scroll of enchant armour {unknown}
Potions
 h - 2 potions of heal wounds {unknown}
 i - 2 potions of lignification {unknown}
 j - 2 potions of invisibility {unknown}
 m - a potion of might {unknown}
 n - a potion of magic
 z - 2 potions of mutation {unknown}
 B - 2 potions of attraction {unknown}
 E - a potion of brilliance {unknown}
 F - a potion of flight {unknown}
 G - 2 potions of curing {unknown}
 H - a potion of degeneration {unknown}


   Skills:
 * Level 2.5 Fighting
 - Level 1.5(1.6) Short Blades
 + Level 0.2(0.5) Long Blades
 - Level 0.8 Armour
 - Level 3.0 Dodging
 - Level 2.9 Stealth
 - Level 2.6 Spellcasting
 - Level 1.0 Transmutations
 - Level 3.3 Earth Magic


You had 8 spell levels left.
You knew the following spells:

 Your Spells              Type           Power      Damage    Failure   Level
a - Sandblast             Erth           24%        2d8       100%        1

Your spell library contained the following spells:

 Spells                   Type           Power      Damage    Failure   Level
 Passwall                 Tmut/Erth      7%         N/A       100%        2
 Ozocubu's Armour         Ice            2%         N/A       100%        3
 Stone Arrow              Conj/Erth      14%        3d7       100%        3
 Petrify                  Tmut/Erth      9%         N/A       100%        4
 Ozocubu's Refrigeration  Ice            1%         4d7       100%        7


Dungeon Overview and Level Annotations

Branches:
Dungeon (4/15) Zot: 20832
 Temple: D:4-7

Altars:
Ashenzari

Annotations:
D:4 Robin


Innate Abilities, Weirdness & Mutations

You are small and have problems with some larger weapons.
You are completely attuned to the shadows.


Message History

The gnoll is moderately wounded.
The gnoll hits you with a +0 spear.
You hit the gnoll.
The gnoll is moderately wounded.
The gnoll hits you with a +0 flail. The gnoll completely misses you.
The gnoll hits you with a +0 spear.
You hit the gnoll.
The gnoll is heavily wounded.
The gnoll hits you with a +0 whip. The gnoll hits you with a +0 spear.
You hit the gnoll.
The gnoll is heavily wounded.
The gnoll hits you with a +0 flail! The gnoll hits you with a +0 club.
* * * LOW HITPOINT WARNING * * *
You are too injured to fight recklessly!
You are too injured to fight recklessly!
You are too injured to fight recklessly!
You are too injured to fight recklessly!
You are too injured to fight recklessly!
You are too injured to fight recklessly!
You are too injured to fight recklessly!
You are too injured to fight recklessly!
You are too injured to fight recklessly!
You are too injured to fight recklessly!
You are too injured to fight recklessly!
You are too injured to fight recklessly!
You are too injured to fight recklessly!
You are too injured to fight recklessly!
The gnoll attacks as you move away! The gnoll hits you with a +0 club.
* * * LOW HITPOINT WARNING * * *
The gnoll attacks as you move away!
A goblin comes into view. It is wielding a +0 dagger.
Found a murky red potion.
The goblin shouts!
You hear a shout! x7
An ogre comes into view. It is wielding a +0 giant club.
Robin of the Strong Arm comes into view.
They are wielding a +0 dagger.
You hear a shout! x2
A goblin comes into view. It is wielding a +0 club.
The goblin shouts!
You hear a shout!
The gnoll hits you with a +0 flail.
You die...

......o ...#.....
.#......g.
........##.
..!.O...g.g
....@..#.#
.##..gg..#
#...g..#########
#.......#.......#
........#.⌠.⌠.⌠.#
#.....#.).....#
##.<.)......>#
#...#.).....#
#...#.⌠.⌠.⌠.#


You could see an ogre, 3 gnolls and 2 goblins.

Vanquished Creatures
  5 adders
  A worm (D:3)
  A dart slug (D:2)
  An orc (D:3)
  6 bats
  3 endoplasms
  9 goblins
  2 hobgoblins
  4 jackals (D:2)
  7 kobolds
  3 quokkas
  A ball python (D:4)
  2 frilled lizards
  5 rats
50 creatures vanquished.

Vanquished Creatures (others)
  3 plants (D:1)
3 creatures vanquished.

Grand Total: 53 creatures vanquished

Notes
Turn   | Place    | Note
-------+----------+-------------------------------------------
     0 | D:1      | mortz the Kobold Earth Elementalist began the quest for the
                  | Orb.
     0 | D:1      | Reached XP level 1. HP: 10/10 MP: 3/3
   137 | D:1      | Reached XP level 2. HP: 16/16 MP: 5/5
   608 | D:2      | Found a broken altar of Ashenzari.
   616 | D:2      | Identified the +0 plate armour of Ethics {rN++ Dex+8}
   752 | D:2      | Reached XP level 3. HP: 20/20 MP: 6/6
   945 | D:2      | Reached skill level 1 in Fighting
  1445 | D:2      | Became a worshipper of Ashenzari the Shackled
  1539 | D:3      | Reached XP level 4. HP: 26/26 MP: 7/7
  1587 | D:3      | Reached skill level 1 in Short Blades
  3082 | D:4      | Reached XP level 5. HP: 28/31 MP: 8/8
  3128 | D:4      | Noticed an ogre
  3128 | D:4      | Noticed Robin
  3130 | D:4      | Slain by a gnoll

Illustrated notes

Levels and vault maps discovered:
D:1:      elethiomel_arrival_quiet, layout_rooms, serial_forest,
          infiniplex_forest_lined_3, infiniplex_forest_straight_1,
          infiniplex_forest_lined_room_2, infiniplex_forest_lined_1,
          infiniplex_forest_join
D:2:      layout_rooms, basic_altar, serial_bayou_lake_a
D:3:      layout_loops_ring, kennysheep_pointless_box, hex_tiny,
          patterned_corridor
D:4:      layout_cave_pools, trog_wizard, minmay_temple_entry_statues_fountains,
          hangedman_decor_lopped, st_stairs_11, grunt_ministairs_3,
          minmay_manual_mares, uniq_robin, uniq_eustachio, uniq_grinder

Skill      XL: |  1  2  3  4 |
---------------+-------------+-----
Fighting       | 1 2 |  2.5
Short Blades   | 1 |  1.5
Dodging        | 3 |  3.0
Long Blades    | |  0.2
Armour         | |  0.8
Stealth        | |  2.9
Spellcasting   | |  2.6
Transmutations | |  1.0
Earth Magic    | |  3.3

Action                   |  1- 3 |  4- 6 || total
-------------------------+-------+-------++-------
Melee: Dagger            |    78 |   162 ||   240
       Punch             |     1 |       ||     1
 Cast: Sandblast         |     8 |       ||     8
 Stab: Sleeping          |     7 |       ||     7
Armor: Robe              |     1 |       ||     1
       Plate armour      |    55 |    98 ||   153
Dodge: Dodged            |     4 |     7 ||    11
Block: Buckler           |    13 |    42 ||    55
